 Dungeon Crawl Stone Soup version 0.29.1-1-gd02db69 (webtiles) character file.

Game seed: 6178771040031453754

4462 Kel the Cleaver (level 10, -2/44 HPs)
             Began as a Gargoyle Berserker on Dec 11, 2022.
             Was a Priest of Trog.
             Slain by an ancient zyme (4 damage)
             ... on level 1 of the Abyss on Jan 25, 2023.
             The game lasted 00:21:19 (7020 turns).

Kel the Cleaver (Gargoyle Berserker)                Turns: 7020, Time: 00:21:19

Health: -2/44      AC: 20    Str: 25    XL:     10   Next: 37%
Magic:  0/8        EV:  8    Int:  8    God:    Trog [***...]
Gold:   247        SH:  0    Dex:  5    Spells: 9/9 levels left

rFire   . . .      SeeInvis .   s - +3 broad axe of Jorozit {vorpal, rC+ Will++}
rCold   + + .      Faith    .   (no shield)
rNeg    + . .      Spirit   +   o - +2 chain mail {rC+}
rPois   ∞          Reflect  .   (no helmet)
rElec   +          Harm     .   x - scarf {+Inv}
rCorr   .          Rampage  .   w - +0 pair of gloves
Will    ++...      Rage     9%  a - +0 pair of boots
Stlth   ..........              r - amulet of guardian spirit
HPRegen 0.14/turn               (no ring)
MPRegen 0.11/turn               (no ring)

@: on berserk cooldown, slowed, very slow
A: sickness immunity, AC +7, negative energy resistance 1, electricity
resistance, torment resistance 1, petrification resistance, [berserk 2], [clumsy
2], [deterioration 2], [frail 2], [low MP 2], [screaming 2], [no potion heal 2]
a: Renounce Religion, Evoke Invisibility, Berserk, Trog's Hand


You were on level 1 of the Abyss.
You worshipped Trog.
Trog was most pleased with you.
You visited 1 branch of the dungeon, and saw 7 of its levels.
You visited the Abyss 1 time.

You collected 427 gold pieces.
You spent 180 gold pieces at shops.

Inventory:

Hand Weapons
 s - the +3 broad axe of Jorozit (weapon) {vorpal, rC+ Will++}
   (You bought it in a shop on level 5 of the Dungeon)

   It inflicts extra damage upon your enemies.
   rC:        It protects you from cold.
   Will:      It greatly increases your willpower.
 A - a +4 quarterstaff of chaos
Armour
 a - a +0 pair of boots (worn)
 o - a +2 chain mail of cold resistance (worn)
 w - a +0 pair of gloves (worn)
 x - a scarf of invisibility (worn)
Jewellery
 r - an amulet of guardian spirit (around neck)
Wands
 u - a wand of flame (28)
 z - a wand of iceblast (11)
Scrolls
 c - a scroll of torment {unknown}
 d - 5 scrolls of identify {unknown}
 e - 2 scrolls of noise {unknown}
 f - a scroll of fog {unknown}
 h - 4 scrolls of teleportation {unknown}
 i - 2 scrolls of fear {unknown}
 k - a scroll of brand weapon {unknown}
 l - a scroll of immolation {unknown}
 m - 4 scrolls of poison {unknown}
 n - a scroll of enchant weapon {unknown}
 y - a scroll of vulnerability {unknown}
Potions
 g - a potion of attraction {unknown}
 j - 5 potions of curing {unknown}
 p - a potion of ambrosia {unknown}
 q - 2 potions of resistance {unknown}
 t - a potion of degeneration {unknown}
 v - a potion of might {unknown}


   Skills:
 - Level 3.2 Fighting
 + Level 13.7 Axes
 - Level 2.1 Armour
 - Level 1.5 Dodging


You had 9 spell levels left.
You didn't know any spells.
Your spell library was empty.

Dungeon Overview and Level Annotations

Branches:
Dungeon (7/15)
 Temple: D:4-7

Altars:
Kikubaaqudgha
Nemelex Xobeh
Sif Muna
Vehumet
Yredelemnul

Shops:
D:5 (


Innate Abilities, Weirdness & Mutations

You are immune to sickness and miasma.
Your stone body is resilient. (AC +7)
You are immune to poison.
You resist negative energy. (rN+)
You are resistant to electric shocks. (rElec)
You are resistant to unholy torment.
You are immune to petrification.
[You have an uncontrollable temper.]
[You are very clumsy. (Dex -4)]
[Your body often deteriorates upon taking damage.]
[You are very frail. (-20% HP)]
[Your magical capacity is very low. (-20% MP)]
[You frequently scream uncontrollably at your foes.]
[Potions cannot restore your health.]


Message History

You slam into the stone wall!
You closely miss the wretched star.
The wretched star is heavily damaged.
The wretched star glows turbulently.
The lance of force hits you!!
* * * LOW HITPOINT WARNING * * *
You are knocked back by the lance of force.
You slam into the stone wall!
* * * LOW HITPOINT WARNING * * *
You hit the wretched star.
The wretched star is severely damaged.
You closely miss the wretched star.
The wretched star is severely damaged.
You hit the wretched star but do no damage.
The wretched star is severely damaged.
You barely miss the wretched star.
The wretched star is severely damaged.
You are no longer berserk.
You are exhausted.
You feel yourself slow down.
You barely miss the wretched star.
The wretched star is severely damaged.
You slice the wretched star!!
You destroy the wretched star!
Trog accepts your kill. The raiju bites you but does no damage.
You feel your dexterity returning.
You miss the raiju. The raiju bites you but does no damage.
You slice the raiju!!
The raiju is severely wounded.
The raiju bursts into living lightning!
The living lightning hits you. You resist.
* * * LOW HITPOINT WARNING * * *
The raiju blinks!
You barely miss the ancient zyme. You slash the raiju!
You kill the raiju!
Trog accepts your kill.
The ancient zyme hits you but does no damage. x2
The ancient zyme hits you.
You die...

. . . . .# #. #
# . .#### . ..
#.#†## # .#.
##..#.#.@## .#
.# #...###x#
.#.§ . .... ..
#{....# # #.#..
.. ..# ..#... #
#. .# # .#*
#####.. . .# ##
. .#.### .
...#.##. ##x #.
..#.# ....# ..
##......#.....#


You could see an ancient zyme.

Vanquished Creatures
  A black draconian (Abyss:1)
  A wretched star (Abyss:1)
  A large abomination (Abyss:1)
  A raiju (Abyss:1)
  Sigmund (D:6)
  4 yaks (D:7)
  Edmund (D:4)
  A steam dragon (D:7)
  A water moccasin (D:6)
  An orc warrior (D:7)
  An ice beast (D:6)
  A black bear (D:6)
  An ogre (D:5)
  The ghost of MalacsCross the Trooper, an amateur OpEE (D:3)
  A centaur (D:7)
  2 phantoms
  Blork the orc (D:5)
  2 scorpions
  A water moccasin zombie (D:5)
  A howler monkey (D:5)
  A bullfrog zombie (D:5)
  Crazy Yiuf (D:6)
  A gnoll bouda (D:6)
  4 orc priests
  3 hounds
  2 orc wizards
  4 iguanas
  2 hound zombies (D:5)
  9 gnolls
  10 adders
  3 white imps (D:6)
  An ufetubus (D:5)
  2 adder zombies (D:5)
  3 worms
  A dart slug (D:2)
  26 orcs
  8 ball pythons
  10 bats
  5 endoplasms
  4 giant cockroaches
  9 goblins
  6 hobgoblins
  3 kobolds
  5 quokkas
  3 frilled lizards
  12 rats
163 creatures vanquished.

Notes
Turn   | Place    | Note
-------+----------+-------------------------------------------
     0 | D:1      | Kel the Gargoyle Berserker began the quest for the Orb.
     0 | D:1      | Reached XP level 1. HP: 14/14 MP: 1/1
   324 | D:1      | Reached skill level 3 in Axes
   333 | D:1      | Found a faded altar of an unknown god.
   407 | D:1      | Reached XP level 2. HP: 19/19 MP: 2/2
   820 | D:1      | Reached XP level 3. HP: 23/23 MP: 3/3
  1290 | D:2      | Reached skill level 4 in Axes
  1334 | D:2      | Reached ** piety under Trog
  1430 | D:2      | Reached XP level 4. HP: 28/28 MP: 4/4
  1523 | D:2      | Reached skill level 5 in Axes
  1744 | D:2      | Reached XP level 5. HP: 32/32 MP: 5/5
  2605 | D:3      | Found an ancient bone altar of Kikubaaqudgha.
  2723 | D:3      | Found a runed translucent gate.
  2724 | D:3      | Found a runed translucent gate.
  2725 | D:3      | Found a runed translucent gate.
  2725 | D:3      | Noticed MalacsCross's ghost (amateur OpEE)
  2740 | D:3      | Killed MalacsCross's ghost
  2741 | D:3      | Reached skill level 6 in Axes
  2741 | D:3      | Reached XP level 6. HP: 35/37 MP: 6/6
  3219 | D:4      | Noticed Edmund
  3242 | D:4      | Killed Edmund
  3243 | D:4      | Reached skill level 7 in Axes
  3243 | D:4      | Reached XP level 7. HP: 29/41 MP: 7/7
  3634 | D:4      | Reached *** piety under Trog
  3973 | D:5      | Entered Level 5 of the Dungeon
  4122 | D:5      | Found a basalt altar of Yredelemnul.
  4243 | D:5      | Reached skill level 8 in Axes
  4296 | D:5      | Found a radiant altar of Vehumet.
  4297 | D:5      | Found a sparkling altar of Nemelex Xobeh.
  4298 | D:5      | Found a shimmering blue altar of Sif Muna.
  4511 | D:5      | Reached XP level 8. HP: 46/46 MP: 8/8
  4796 | D:5      | Found Gurut's Antique Weapon Shop.
  4799 | D:5      | Bought a fine broad axe for 180 gold pieces
  4799 | D:5      | Identified the +3 broad axe of Jorozit {vorpal, rC+ Will++}
                  | (You bought it in a shop on level 5 of the Dungeon)
  4806 | D:5      | Noticed Blork the orc
  4810 | D:5      | Killed Blork the orc
  4987 | D:6      | Reached skill level 9 in Axes
  5438 | D:6      | Reached skill level 10 in Axes
  5460 | D:6      | Reached **** piety under Trog
  5803 | D:6      | Noticed Sigmund
  5812 | D:6      | Killed Sigmund
  5813 | D:6      | Reached XP level 9. HP: 51/51 MP: 6/9
  5911 | D:6      | Reached skill level 11 in Axes
  6041 | D:6      | Found a runed translucent door.
  6042 | D:6      | Noticed Crazy Yiuf
  6047 | D:6      | Killed Crazy Yiuf
  6454 | D:7      | Reached skill level 12 in Axes
  6724 | Abyss:1  | Found a corrupted altar of Lugonu.
  6724 | Abyss:1  | Cast into level 1 of the Abyss (orc wizard)
  6781 | Abyss:1  | Noticed a starcursed mass
  6803 | Abyss:1  | Noticed a large abomination
  6824 | Abyss:1  | Killed a large abomination
  6867 | Abyss:1  | Noticed a black draconian
  6883 | Abyss:1  | Killed a black draconian
  6884 | Abyss:1  | Reached skill level 13 in Axes
  6884 | Abyss:1  | Reached XP level 10. HP: 30/56 MP: 2/10
  6945 | Abyss:1  | Noticed a wretched star
  6984 | Abyss:1  | Noticed a starcursed mass
  7017 | Abyss:1  | Killed a wretched star
  7019 | Abyss:1  | HP: 2/44 [raiju/living lightning (3)]
  7020 | Abyss:1  | Slain by an ancient zyme

Illustrated notes

Levels and vault maps discovered:
D:1:      dpeg_arrival_round_b, layout_basic,
          ebering_ecumenical_altar_petrified, st_stairs_9, nicolae_titane
D:2:      layout_loops_ring
D:3:      layout_loops_ring, mainiacjoe_overflow_concentric_impassable,
          ebering_ghost_rock_garden
D:4:      layout_basic, uniq_edmund
D:5:      layout_loops_ring, grunt_temple_overflow_open,
          nicolae_yredelemnul_corpse_copse, serial_shops, kennysheep_mini,
          cheibrodos_sewer_entry_sluice, uniq_blork_the_orc
D:6:      black_bear_nest_1, layout_loops_ring, uniq_crazy_yiuf_cottage,
          uniq_sigmund
D:7:      layout_rooms, kennysheep_little_box,
          minmay_temple_entry_statues_fountains
Abyss:1:  base:
D:3

Skill      XL: |  1  2  3  4  5  6  7  8  9 |
---------------+----------------------------+-----
Axes           | 3 4 5 6 7 8 10 13 | 13.7
Fighting       | |  3.2
Armour         | |  2.1
Dodging        | |  1.5

Action                   |  1- 3 |  4- 6 |  7- 9 | 10-12 || total
-------------------------+-------+-------+-------+-------++-------
Melee: Hand axe          |   100 |   169 |       |       ||   269
       Punch             |       |     4 |    10 |       ||    14
       Flail             |       |       |   125 |       ||   125
       Broad axe         |       |       |   158 |    18 ||   176
Invok: Berserk           |       |     2 |     9 |     1 ||    12
Armor: Animal skin       |    14 |       |       |       ||    14
       Ring mail         |    12 |       |       |       ||    12
       Chain mail        |    42 |    88 |   164 |     4 ||   298
Dodge: Dodged            |    60 |    62 |    98 |     1 ||   221
